 Dungeon Crawl Stone Soup version 0.20.1-1-g8b1a95d (webtiles) character file.

128 Chaoticas the Grave Robber (level 4, -2/30 HPs)
             Began as a Vampire Necromancer on July 30, 2017.
             Slain by a human (5 damage)
             ... on level 1 of the Dungeon.
             The game lasted 00:08:52 (3946 turns).

Chaoticas the Grave Robber (Vampire Necromancer)    Turns: 3946, Time: 00:08:53

Health: -2/30      AC:  2    Str:  7    XL:     4   Next: 86%
Magic:  8/8        EV: 12    Int: 18    God:
Gold:   113        SH:  0    Dex: 14    Spells: 1/9 levels left

rFire    . . .     SeeInvis +   d - +2 short sword (speed)
rCold    + . .     Gourm    .   (no shield)
rNeg     + + .     Faith    .   a - +0 robe
rPois    +         Spirit   .   (no helmet)
rElec    .         Reflect  .   (no cloak)
rCorr    .         Harm     .   (no gloves)
MR       .....                  (no boots)
Stlth    +++.......             (no amulet)
Regen    0.1/turn               (no ring)
MPRegen  0.2/turn               (no ring)

@: regenerating slowly
A: fangs 3, see invisible, unbreathing
a: Bat Form


You were on level 1 of the Dungeon.
You were near bloodless.

You visited 1 branch of the dungeon, and saw 2 of its levels.

You collected 113 gold pieces.

Inventory:

Hand Weapons
 d - a +2 short sword of speed (weapon)
   (You found it on level 1 of the Dungeon)
Missiles
 h - 8 javelins (quivered)
Armour
 a - a +0 robe (worn)
Jewellery
 i - a cursed -5 ring of intelligence {unknown}
   (You found it on level 2 of the Dungeon)
Wands
 p - a wand of polymorph (13/24)
   (You found it on level 2 of the Dungeon)
Scrolls
 c - 3 scrolls of remove curse {unknown}
 e - a scroll of recharging {unknown}
 f - 4 scrolls of identify {unknown}
 k - a scroll of amnesia {unknown}
 l - 6 scrolls of magic mapping {unknown}
 m - a scroll of random uselessness {unknown}
 o - a scroll of teleportation {unknown}
Potions
 g - a potion of magic {unknown}
 j - a potion of brilliance {unknown}
 n - a potion of heal wounds {unknown}
 q - 6 potions of blood {@q0}
Books
 b - a book of Necromancy


   Skills:
 - Level 2.1 Dodging
 - Level 3.0 Stealth
 + Level 3.2 Spellcasting
 * Level 6.0 Necromancy


You had one spell level left.
You knew the following spells:

 Your Spells              Type           Power        Failure   Level  Hunger
a - Pain                  Necr           ###.         1%          1    None
b - Animate Dead          Necr           N/A          13%         4    ####...
q - Vampiric Draining     Necr           ###.......   3%          3    ###....


Dungeon Overview and Level Annotations

Branches:
Dungeon (2/15)

Altars:
Yredelemnul


Innate Abilities, Weirdness & Mutations

You heal slowly.
You have razor-sharp teeth.
You have supernaturally acute eyesight. (SInv)
You can survive without breathing.


Message History

c - 3 scrolls labeled YMNUOWN KOUZA (gained 1)
You open the door.
The human refuses to make way for you. (Use ctrl+direction to attack.)
You swap places.
The human hits your goblin zombie.
Your goblin zombie barely misses the human.
The human hits your goblin zombie!
Your goblin zombie is destroyed!
You see here a quarterstaff.
You see here a quarterstaff.
The human hits you.
Here: a human (indifferent)
The floor.
That beam is likely to hit you.
Continue anyway?
Okay, then.
Aim: a human (indifferent, chance to defeat MR: 83%)
The human shouts!
The human barely resists.
Aim: a human (chance to defeat MR: 83%)
The human writhes in agony!
Aim: a human (lightly wounded, chance to defeat MR: 83%)
The human writhes in agony!
The human closely misses you. The human closely misses you.
Aim: a human (lightly wounded, chance to defeat MR: 83%)
The human writhes in agony!
The human hits you.
* * * LOW HITPOINT WARNING * * *
You hit the human but do no damage. You hit the human. The human hits you.
* * * LOW HITPOINT WARNING * * *
There is a stone staircase leading up here.
The human barely misses you.
You climb upwards.
There is a stone staircase leading down here.
One of your 7 potions of blood {@q0} rots away.
Aim: a human (lightly wounded, chance to defeat MR: 83%)
The human writhes in agony!
Aim: a human (moderately wounded, chance to defeat MR: 83%)
The human writhes in agony!
The human hits you!
* * * LOW HITPOINT WARNING * * *
There is a stone staircase leading down here.
The human closely misses you. The human hits you.
* * * LOW HITPOINT WARNING * * *
There is a stone staircase leading down here.
The human hits you.
* * * LOW HITPOINT WARNING * * *
Okay, then.
There is an open door here.
The human hits you.
You die...

### ### #######.# #.# ........#
#.# #####.#.###################.#
#.#.....................#
#.#.###################.# #.#.#
############ #.#
###.#.#####..........####.#
#.........'..p@......'....#
#.#.#.#####..........##########
##.#.#.# #########............
#..#.#.# ###.######### ##..#.#.#
#.# # ....#.#.###
#########.#########
##..#.....#####.........##......#
......................####.####.#
##.##.#.#.#......####.# #.#.....


You could see a human.

Vanquished Creatures
  A human skeleton (D:2)
  4 adders (D:2)
  3 dart slugs (D:2)
  3 leopard geckos
  3 giant cockroaches
  5 hobgoblins
  9 jackals
  A quokka (D:2)
  2 ball pythons (D:1)
  5 bats (D:1)
  3 frilled lizards (D:1)
  9 goblins
  A jackal zombie (D:2)
  4 kobolds
  2 rats
55 creatures vanquished.

Notes
Turn   | Place    | Note
-------+----------+-------------------------------------------
     0 | D:1      | Chaoticas the Vampire Necromancer began the quest for the Orb.
     0 | D:1      | Reached XP level 1. HP: 13/13 MP: 3/3
   375 | D:1      | Reached XP level 2. HP: 15/19 MP: 5/5
  1045 | D:1      | Reached skill level 5 in Necromancy
  1246 | D:2      | Reached XP level 3. HP: 24/24 MP: 7/7
  1354 | D:2      | Noticed a human
  1356 | D:2      | Found a runed door.
  2253 | D:2      | Reached XP level 4. HP: 21/30 MP: 5/8
  3063 | D:2      | Found a basalt altar of Yredelemnul.
  3195 | D:2      | Reached skill level 6 in Necromancy
  3351 | D:2      | Learned a level 3 spell: Vampiric Draining
  3356 | D:2      | Learned a level 4 spell: Animate Dead
  3910 | D:1      | HP: 1/30 [human (3)]
  3946 | D:1      | Slain by a human

Skill      XL: |  1  2  3  4 |
---------------+-------------+-----
Necromancy     | 5 6 |  6.0
Spellcasting   | 3 |  3.2
Dodging        | |  2.1
Stealth        | |  3.0

Action                   |  1- 3 |  4- 6 || total
-------------------------+-------+-------++-------
Melee: Short sword       |    69 |    24 ||    93
       Bite              |     2 |     3 ||     5
 Cast: Pain              |    25 |    25 ||    50
       Animate Dead      |       |     2 ||     2
  Use: Potion            |     1 |     3 ||     4
 Stab: Sleeping          |     3 |       ||     3
Armor: Robe              |     9 |     1 ||    10
Dodge: Dodged            |    39 |    16 ||    55
